 Dungeon Crawl Stone Soup version 0.29.1-1-gd02db6906a (webtiles) character file.

Game seed: 15577254942430365182

71062 Icepheonix32 the Impregnable (level 14, -6/129 HPs)
             Began as a Minotaur Fighter on Oct 13, 2022.
             Was the Champion of Okawaru.
             Mangled by a sun demon (14 damage)
             ... on level 1 of the Lair of Beasts.
             The game lasted 00:42:10 (20164 turns).

Icepheonix32 the Impregnable (Minotaur Fighter)    Turns: 20164, Time: 00:42:11

Health: -6/129     AC: 37    Str: 24    XL:     14   Next: 96%
Magic:  0/20       EV:  6    Int:  5    God:    Okawaru [******]
Gold:   788        SH: 16    Dex: 15    Spells: 13/13 levels left

rFire   + + .      SeeInvis .   u - +7 Throatcutter {drain, coup de grace}
rCold   + . .      Faith    .   b - +5 kite shield of the Watermelon {Dex+3}
rNeg    . . .      Spirit   +   f - +3 gold dragon scales
rPois   +          Reflect  .   (helmet restricted)
rElec   .          Harm     .   y - +2 cloak {Will+}
rCorr   .          Rampage  .   H - +0 pair of gloves
Will    +++..                   l - +1 pair of boots
Stlth   ..........              q - amulet of guardian spirit
HPRegen 0.31/turn               k - ring of willpower
MPRegen 0.17/turn               M - ring of protection from fire

@: on berserk cooldown, hasted and slowed
A: horns 2, retaliatory headbutt, fangs 1, high MP 1
a: Renounce Religion, Heroism, Finesse, Duel


You were on level 1 of the Lair of Beasts.
You worshipped Okawaru.
Okawaru was exalted by your worship.
You visited 4 branches of the dungeon, and saw 18 of its levels.
You visited the Abyss 1 time.

You collected 2006 gold pieces.
You spent 1218 gold pieces at shops.

Inventory:

Hand Weapons
 g - the +8 demon whip of Causality {flame, Int+2 Dex+2}
   (You took it off a deep elf pyromancer on level 11 of the Dungeon)

   It burns those it strikes, dealing additional fire damage.
   Int:       It affects your intelligence (+2).
   Dex:       It affects your dexterity (+2).
 j - a +3 spectral flail
 u - the +7 Throatcutter (weapon) {drain, coup de grace}
   (You found it on level 4 of the Dungeon)

   A truly terrible weapon, it drains the life of any living foe it strikes.
   It may instantly kill foes which have little health.
 O - the +9 falchion of Ynarunet {holy, Str+2}
   (Okawaru gifted it to you on level 5 of the Lair of Beasts)

   It has been blessed by the Shining One to cause great damage to the undead
   and demons.
   Str:       It affects your strength (+2).
 Z - a +3 long sword of protection
Missiles
 z - 2 throwing nets
 D - 5 boomerangs of dispersal (quivered)
 N - 12 curare-tipped darts
 U - 10 boomerangs
Armour
 b - the +5 kite shield of the Watermelon (worn) {Dex+3}
   (Okawaru gifted it to you on level 1 of the Lair of Beasts)

   Dex:       It affects your dexterity (+3).
 f - +3 gold dragon scales (worn)
 l - a +1 pair of boots (worn)
 y - a +2 cloak of willpower (worn)
 H - a +0 pair of gloves (worn)
 P - an orb of light
 S - the +10 tower shield of Ignorance {rN+ Int-4}
   (Okawaru gifted it to you on level 5 of the Lair of Beasts)

   Int:       It affects your intelligence (-4).
   rN:        It protects you from negative energy.
 W - the +6 chain mail of Somewhere Else {-Tele rF+++ Regen+ Int+3 Dex-5}
   (You found it on level 4 of the Lair of Beasts)

   Int:       It affects your intelligence (+3).
   Dex:       It affects your dexterity (-5).
   rF:        It renders you almost immune to fire.
   -Tele:     It prevents most forms of teleportation.
   Regen:     It increases your rate of health regeneration.
Magical Staves
 s - a staff of conjuration
Jewellery
 k - a ring of willpower (left hand)
 q - an amulet of guardian spirit (around neck)
 G - a +6 ring of intelligence
 M - a ring of protection from fire (right hand)
 R - a ring of positive energy
Wands
 c - a wand of acid (17)
 x - a wand of mindburst (18)
 J - a wand of flame (28)
Scrolls
 m - 3 scrolls of immolation
 p - 8 scrolls of teleportation
 v - 2 scrolls of silence
 w - 2 scrolls of blinking
 A - 3 scrolls of magic mapping
 E - 3 scrolls of fear
 F - a scroll of torment
 L - 4 scrolls of amnesia
 V - a scroll of poison
 Y - 6 scrolls of identify
Potions
 d - 2 potions of might
 i - 4 potions of curing
 r - a potion of mutation
 t - 2 potions of lignification
 B - 4 potions of attraction
 C - 2 potions of haste
 I - 2 potions of magic
 K - a potion of ambrosia
 Q - 6 potions of brilliance
 T - 2 potions of invisibility
 X - 2 potions of flight
Miscellaneous
 h - a condenser vane (inert)
 o - a phantom mirror


   Skills:
 + Level 13.2 Fighting
 + Level 15.2 Long Blades
 + Level 2.4(3.2) Axes
 + Level 3.0(3.4) Maces & Flails
 * Level 23.6 Armour
 + Level 9.8 Shields
 * Level 7.0 Invocations
 * Level 2.2 Evocations


You had 13 spell levels left.
You didn't know any spells.
Your spell library contained the following spells:

 Spells                   Type           Power      Damage    Failure   Level
 Foxfire                  Conj/Fire      0%         2x1d4     100%        1
 Blink                    Tloc           0%         N/A       100%        2
 Conjure Flame            Conj/Fire      0%         6-21      100%        3
 Ignite Poison            Fire/Tmut/Pois 0%         N/A       100%        3
 Inner Flame              Hex/Fire       0%         N/A       100%        3
 Lesser Beckoning         Tloc           0%         N/A       100%        3
 Ozocubu's Armour         Ice            0%         N/A       100%        3
 Flame Wave               Conj/Fire      0%         2d4       100%        4
 Fulminant Prism          Conj/Hex       0%         3d6       100%        4
 Iskenderun's Mystic Bla  Conj/Tloc      0%         2d3       100%        4
 Sticky Flame             Conj/Fire      0%         2d3       100%        4
 Fireball                 Conj/Fire      0%         3d3       100%        5
 Iskenderun's Battlesphe  Conj           0%         2d6       100%        5
 Lee's Rapid Deconstruct  Erth           0%         3d5*      100%        5
 Manifold Assault         Tloc           0%         N/A       100%        5
 Conjure Ball Lightning   Conj/Air       0%         3x3d6     100%        6
 Orb of Destruction       Conj           0%         9d5       100%        7
 Ozocubu's Refrigeration  Ice            0%         4d7       100%        7
 Storm Form               Tmut/Air       0%         N/A       100%        7


Dungeon Overview and Level Annotations

Branches:
Dungeon (11/15)            Temple (1/1) D:7            Lair (5/5) D:9
 Shoals (0/4) Lair:2        Snake (0/4) Lair:3        Slime (0/5) Lair:5
    Orc (1/2) D:10

Altars:
Ashenzari
Cheibriados
Dithmenos
Elyvilon
Fedhas
Gozag
Hepliaklqana
Kikubaaqudgha
Makhleb
Nemelex Xobeh
Okawaru
Qazlal
Ru
Sif Muna
Trog
Uskayaw
Vehumet
Wu Jian
Xom
Yredelemnul
Zin
The Shining One

Shops:
D:1 *   D:5 =   D:8 (::

Portals:
Abyss: Lair:1

Annotations:
Lair:1 1 transporter


Innate Abilities, Weirdness & Mutations

You have a pair of horns on your head.
You reflexively headbutt those who attack you in melee.
You have very sharp teeth.
You have an increased reservoir of magic. (+10% MP)


Message History

You slice the tentacled starspawn!!
You destroy the tentacled starspawn!
Okawaru accepts your kill.
The starspawn's tentacles wither and die.
You feel a strong urge to attack something.
The large abomination hits you but does no damage.
You slice the large abomination!!
You destroy the large abomination!
Okawaru accepts your kill.
Your Invocations skill increases to level 7!
The substance of the Abyss twists violently, and a gateway leading out appears!
There is a gateway leading out of the Abyss here.
You feel a strong urge to attack something.
You are no longer berserk.
You are exhausted.
You feel yourself slow down.
There is a gateway leading out of the Abyss here.
You pass through the gate.
Welcome back to the Lair of Beasts!
Level annotation: 1 transporter You block the sun demon's attack.
There is a transporter landing site, spattered with blood here.
You hit the sun demon. You headbutt the sun demon!
The sun demon is moderately wounded.
You block the sun demon's attack.
The spriggan rider hits you from afar with a +0 spear of distortion!
* * * LOW HITPOINT WARNING * * *
Space warps around you.
* * * LOW HITPOINT WARNING * * *
The sun demon completely misses you. You furiously retaliate!
You headbutt the sun demon!
You feel yourself speed up.
The spriggan rider hits you but does no damage.
Space warps horribly around you!
* * * LOW HITPOINT WARNING * * *
You block the sun demon's attack. You block the orange demon's attack.
The spriggan rider hits you from afar with a +0 spear of distortion.
* * * LOW HITPOINT WARNING * * *
The sun demon hits you!
You die...

.#........©...........#.......#
.........###..###.............#
.P..###.##.####.##....#.......#
.#..#W###..3##...#....).......#
....#iX..#.#..#.!#............#
....##.##..#:....##...........#
.....# # ##.###4i.##..........##
.....## #.##.#..3##..........P#
......##3#©#..##@##...#........#
.......#...##..###....#.<.....##
.......#... #...©........##..#.#
.....###.## ##..........########
.#...##|#i.x #####......#
.#..##X..###..##.##.....#
.#..#.# ##.# #∩.X4#...#.##
.#..##.##..##..####......#
.#...###....####......#.######


You could see a spriggan rider, a sun demon and an orange demon.

Vanquished Creatures
  A bone dragon (Abyss:2)
  A tentacled starspawn (Abyss:2)
  Gastronok (D:11)
  6 hydras
  A boulder beetle (Lair:5)
  The ghost of LustLizard the Markself, a journeyman DEAM of Hepliaklqana (Lair:1)
  2 two-headed ogres
  4 death yaks (Lair:2)
  A sun demon (Abyss:2)
  Amaemon (D:8)
  2 thrashing horrors
  Sonja (D:11)
  A deep elf pyromancer (D:11)
  An oklob plant (Lair:2)
  A wolf spider (Lair:5)
  13 elephants
  2 worldbinders (Abyss:2)
  A titan simulacrum (Abyss:2)
  2 smoke demons (D:11)
  6 black mambas
  A gargoyle (D:11)
  A torpor snail (Lair:4)
  A guardian serpent (Lair:5)
  An orange demon (D:8)
  17 cane toads
  5 komodo dragons
  An ancient zyme (Abyss:2)
  Psyche (D:8)
  10 rime drakes
  2 trolls
  6 large abominations (Abyss:2)
  11 polar bears
  Grinder (D:5)
  5 hornets
  10 raiju (Abyss:2)
  27 blink frogs
  2 vampires
  2 basilisks
  48 yaks
  A ynoxinul (Abyss:2)
  2 shadows
  12 wyverns
  2 fire elementals (D:11)
  3 steam dragons
  3 golden eyes (Abyss:2)
  3 fire bats
  3 chaos spawn (Abyss:2)
  3 redbacks (Lair:5)
  Edmund (D:4)
  7 wargs
  Menkaure (D:5)
  An acid dragon (D:11)
  15 hell hounds (Lair:5)
  23 water moccasins
  5 small abominations (Abyss:2)
  Duvessa (D:5)
  3 orc warriors (Orc:1)
  2 ice beasts
  15 black bears
  2 ogres
  9 centaurs
  20 wolves
  4 kobold brigands
  10 bullfrogs
  A gnoll sergeant (D:6)
  A scorpion (D:5)
  A necrophage (D:4)
  14 wights
  Dowan (D:5)
  A killer bee (D:7)
  6 howler monkeys
  3 electric eels (D:8)
  5 starcursed masses (Abyss:2)
  Crazy Yiuf (D:5)
  3 hounds
  5 jellies
  A gnoll bouda (D:4)
  12 orc priests
  14 orc wizards
  2 iguanas (D:7)
  A centaur simulacrum (D:8)
  Robin (D:3)
  4 gnolls (D:3)
  5 adders
  4 white imps
  3 ufetubi
  A worm (D:2)
  2 dart slugs
  45 orcs
  6 ball pythons
  4 endoplasms
  7 giant cockroaches
  13 goblins
  13 hobgoblins
  4 jackals
  24 kobolds
  5 quokkas
  5 bats
  2 frilled lizards (D:3)
  2 rats (D:3)
  A bush (D:8)
575 creatures vanquished.

Vanquished Creatures (others)
  A blink frog (Lair:5)
  A bush (Lair:2)
  29 fungi
  137 plants
  5 starspawn tentacles (Abyss:2)
173 creatures vanquished.

Grand Total: 748 creatures vanquished

Notes
Turn   | Place    | Note
-------+----------+-------------------------------------------
     0 | D:1      | Icepheonix32 the Minotaur Fighter began the quest for the
                  | Orb.
     0 | D:1      | Reached XP level 1. HP: 19/19 MP: 0/0
    63 | D:1      | Found Eryem's General Store.
   298 | D:1      | Found a faded altar of an unknown god.
   482 | D:1      | Reached XP level 2. HP: 27/27 MP: 1/1
   487 | D:1      | Reached skill level 4 in Armour
  1223 | D:2      | Reached XP level 3. HP: 33/33 MP: 2/2
  1523 | D:3      | Noticed Robin
  1526 | D:3      | Reached skill level 5 in Armour
  1532 | D:3      | Killed Robin
  1533 | D:3      | Reached XP level 4. HP: 41/41 MP: 3/3
  1884 | D:3      | Found a radiant altar of Vehumet.
  1977 | D:3      | Found a basalt altar of Yredelemnul.
  2133 | D:3      | Reached skill level 5 in Fighting
  2133 | D:3      | Reached skill level 6 in Armour
  2133 | D:3      | Reached XP level 5. HP: 36/48 MP: 4/4
  2668 | D:4      | Found a hazy altar of Hepliaklqana.
  2690 | D:4      | Noticed Edmund
  2703 | D:4      | Killed Edmund
  2704 | D:4      | Reached skill level 7 in Armour
  2704 | D:4      | Reached XP level 6. HP: 27/56 MP: 5/5
  3153 | D:4      | Reached skill level 8 in Armour
  3653 | D:4      | Found the +7 Throatcutter {drain, coup de grace}
  3659 | D:4      | Reached XP level 7. HP: 63/63 MP: 6/6
  3775 | D:5      | Entered Level 5 of the Dungeon
  3824 | D:5      | Noticed Grinder
  3831 | D:5      | Killed Grinder
  3832 | D:5      | Reached skill level 9 in Armour
  3838 | D:5      | Noticed Dowan
  3838 | D:5      | Noticed Duvessa
  3846 | D:5      | Gained mutation: You have sharp toenails. [potion of
                  | mutation]
  3846 | D:5      | Gained mutation: You expend magic power (3 MP) to
                  | strengthen your wands. [potion of mutation]
  3848 | D:5      | Killed Duvessa
  3849 | D:5      | Reached skill level 1 in Long Blades
  3850 | D:5      | Killed Dowan
  3926 | D:5      | Reached skill level 10 in Armour
  3926 | D:5      | Reached XP level 8. HP: 50/71 MP: 2/7
  4095 | D:5      | Found Nuod's Jewellery Shop.
  4200 | D:1      | Bought a +2 cloak of willpower for 258 gold pieces
  4391 | D:5      | Noticed Menkaure
  4394 | D:5      | Killed Menkaure
  4970 | D:6      | Reached skill level 11 in Armour
  5193 | D:6      | Reached skill level 5 in Long Blades
  5193 | D:6      | Reached XP level 9. HP: 79/79 MP: 8/8
  5767 | D:5      | Found a runed translucent door.
  5768 | D:5      | Noticed Crazy Yiuf
  5772 | D:5      | Killed Crazy Yiuf
  5930 | D:7      | Reached skill level 12 in Armour
  5932 | D:7      | Found a staircase to the Ecumenical Temple.
  5960 | Temple   | Entered the Ecumenical Temple
  6308 | Temple   | Became a worshipper of Warmaster Okawaru
  6322 | D:7      | Found a bloodstained altar of Trog.
  6355 | D:7      | Found a blossoming altar of Fedhas.
  6732 | D:7      | Found an opulent altar of Gozag.
  6733 | D:7      | Found a glowing silver altar of Zin.
  6789 | D:7      | Reached skill level 1 in Invocations
  6969 | D:8      | Noticed Amaemon
  6971 | D:8      | Noticed an orange demon
  6980 | D:8      | Killed Amaemon
  6980 | D:8      | Reached * piety under Okawaru
  6981 | D:8      | Reached XP level 10. HP: 89/89 MP: 7/10
  6989 | D:8      | Killed an orange demon
  7296 | D:8      | Noticed Psyche
  7304 | D:8      | Killed Psyche
  7304 | D:8      | Reached ** piety under Okawaru
  7305 | D:8      | Reached skill level 13 in Armour
  7412 | D:8      | Found a white marble altar of Elyvilon.
  7424 | D:8      | Found Xofruqei's Book Boutique.
  7566 | D:8      | Reached skill level 10 in Long Blades
  7713 | D:8      | Found Lengiz's Weapon Emporium.
  8003 | D:8      | Found Tock's Book Emporium.
  8062 | D:8      | Reached *** piety under Okawaru
  8087 | D:8      | Found a stormy altar of Qazlal.
  8451 | D:8      | Lost mutation: You have sharp toenails. [potion of
                  | mutation]
  8451 | D:8      | Lost mutation: You expend magic power (3 MP) to strengthen
                  | your wands. [potion of mutation]
  8451 | D:8      | Gained mutation: You are dopey. (Int -2) [potion of
                  | mutation]
  8451 | D:8      | Gained mutation: You are agile. (Dex +4, Str/Int -1)
                  | [potion of mutation]
  8451 | D:8      | Gained mutation: You are very agile. (Dex +8, Str/Int -2)
                  | [potion of mutation]
  8452 | D:8      | Lost mutation: You are dopey. (Int -2) [potion of mutation]
  8452 | D:8      | Lost mutation: You are very agile. (Dex +8, Str/Int -2)
                  | [potion of mutation]
  8452 | D:8      | Lost mutation: You are agile. (Dex +4, Str/Int -1) [potion
                  | of mutation]
  8452 | D:8      | Gained mutation: You have very sharp teeth. [potion of
                  | mutation]
  8452 | D:8      | Gained mutation: You have an increased reservoir of magic.
                  | (+10% MP) [potion of mutation]
  8653 | D:9      | Reached skill level 14 in Armour
  8655 | D:9      | Reached **** piety under Okawaru
  8894 | D:9      | Noticed a two-headed ogre
  8900 | D:9      | Killed a two-headed ogre
  8901 | D:9      | Reached XP level 11. HP: 87/97 MP: 11/14
  9279 | D:9      | Found a staircase to the Lair.
  9672 | D:10     | Entered Level 10 of the Dungeon
  9795 | D:10     | Found a staircase to the Orcish Mines.
  9802 | D:10     | Reached ***** piety under Okawaru
 10096 | D:10     | Noticed a two-headed ogre
 10104 | D:10     | Killed a two-headed ogre
 10104 | D:10     | Received a gift from Okawaru
 10502 | D:11     | Identified the +8 demon whip of Causality {flame, Int+2
                  | Dex+2}
 10502 | D:11     | Noticed a deep elf pyromancer
 10522 | D:11     | Killed a deep elf pyromancer
 10523 | D:11     | Reached skill level 15 in Armour
 10767 | D:11     | Noticed a seven-headed hydra
 10776 | D:11     | Killed a seven-headed hydra
 10777 | D:11     | Reached skill level 5 in Invocations
 11030 | D:11     | Noticed Sonja
 11040 | D:11     | Killed Sonja
 11041 | D:11     | Reached skill level 10 in Fighting
 11220 | D:11     | Noticed Gastronok
 11235 | D:11     | Killed Gastronok
 11236 | D:11     | Reached skill level 1 in Maces & Flails
 11603 | D:11     | Noticed a five-headed hydra
 11616 | D:11     | Killed a five-headed hydra
 11617 | D:11     | Reached XP level 12. HP: 95/106 MP: 14/16
 11742 | Orc:1    | Entered Level 1 of the Orcish Mines
 11968 | Orc:1    | Reached skill level 16 in Armour
 12068 | D:8      | Bought a manual of Armour for 960 gold pieces
 12115 | Lair:1   | Entered Level 1 of the Lair of Beasts
 12121 | Lair:1   | Found a transporter.
 12187 | Lair:1   | Found a transporter.
 12199 | Lair:1   | Found a one-way gate to the infinite horrors of the Abyss.
 12199 | Lair:1   | Noticed LustLizard's ghost (journeyman DEAM)
 12231 | Lair:1   | Reached skill level 17 in Armour
 12701 | Lair:1   | Reached skill level 18 in Armour
 12703 | Lair:1   | Identified the +5 kite shield of the Watermelon {Dex+3}
                  | (Okawaru gifted it to you on level 1 of the Lair of Beasts)
 12703 | Lair:1   | Received a gift from Okawaru
 13244 | Lair:2   | Reached skill level 19 in Armour
 13367 | Lair:2   | Identified the +9 quarterstaff of Hacking and Slashing
                  | {freeze, rPois rCorr Int-2}
 13419 | Lair:2   | Noticed a four-headed hydra
 13431 | Lair:2   | Killed a one-headed hydra
 13432 | Lair:2   | Reached skill level 20 in Armour
 13767 | Lair:2   | Found a staircase to the Shoals.
 13929 | Lair:2   | Noticed a death yak
 13929 | Lair:2   | Noticed a death yak
 13931 | Lair:2   | Noticed a death yak
 13933 | Lair:2   | Noticed a death yak
 13957 | Lair:2   | Killed a death yak
 13958 | Lair:2   | Reached skill level 21 in Armour
 13973 | Lair:2   | Killed a death yak
 13974 | Lair:2   | Killed a death yak
 13978 | Lair:2   | Killed a death yak
 14352 | Lair:2   | Reached skill level 22 in Armour
 14352 | Lair:2   | Reached XP level 13. HP: 102/114 MP: 14/18
 14650 | Lair:3   | Found a staircase to the Snake Pit.
 14805 | Lair:3   | Identified the +1 ring mail of Perfidy {Str+3} (Okawaru
                  | gifted it to you on level 3 of the Lair of Beasts)
 14805 | Lair:3   | Received a gift from Okawaru
 14877 | Lair:3   | Identified the +7 halberd of Red Duty {freeze, rPois Int+2}
 15153 | Lair:3   | You fall into a shaft and drop 2 floors!
 15153 | Lair:5   | Entered Level 5 of the Lair of Beasts
 15240 | Lair:5   | Reached skill level 5 in Shields
 15408 | Lair:5   | Found a staircase to the Slime Pits.
 15868 | Lair:5   | Identified the +1 leather armour of the Carved God {Int+3}
 15911 | Lair:5   | Reached ****** piety under Okawaru
 16406 | Lair:5   | Reached skill level 23 in Armour
 16413 | Lair:5   | Reached XP level 14. HP: 83/125 MP: 11/19
 16446 | Lair:5   | Identified the +9 falchion of Ynarunet {holy, Str+2}
                  | (Okawaru gifted it to you on level 5 of the Lair of Beasts)
 16446 | Lair:5   | Received a gift from Okawaru
 16833 | Lair:5   | Received a gift from Okawaru
 16833 | Lair:5   | Found the +10 tower shield of Ignorance {rN+ Int-4}
 17832 | Lair:4   | Identified the +6 chain mail of Somewhere Else {-Tele rF+++
                  | Regen+ Int+3 Dex-5}
 17973 | Lair:4   | Found a bloodstained altar of Trog.
 19051 | Lair:3   | Reached skill level 15 in Long Blades
 19347 | Lair:1   | Killed LustLizard's ghost
 19354 | Abyss:2  | Cast into level 2 of the Abyss (spriggan rider)
 19376 | Abyss:2  | Noticed a tentacled starspawn
 19440 | Abyss:2  | Reached skill level 1 in Evocations
 19459 | Abyss:2  | Noticed a bone dragon
 19487 | Abyss:2  | Killed a bone dragon
 19583 | Abyss:2  | Noticed a hellephant
 19781 | Abyss:2  | Found a corrupted altar of Lugonu.
 20109 | Abyss:2  | Noticed a starcursed mass
 20134 | Abyss:2  | Noticed a tentacled starspawn
 20154 | Abyss:2  | Killed a tentacled starspawn
 20162 | Lair:1   | Escaped the Abyss
 20164 | Lair:1   | Mangled by a sun demon

Illustrated notes

Levels and vault maps discovered:
D:1:      minmay_arrival_wavy_path, layout_basic,
          shapermc_ecumenical_altar_mp_vishouse, serial_co_window_serial,
          co_window_paths_b, co_window_paths_a, co_window_cross_1,
          co_window_corner_a, co_window_of_opportunity_a, co_window_corner_b,
          co_window_unsneaky_path_b, co_window_broadway_b,
          co_window_unsneaky_path_c, co_window_of_opportunity_c,
          co_window_corner_b, glass_columns_a, glass_columns_a, glass_columns_a,
          glass_columns_a, serial_shops, nicolae_shop_waterfront,
          minmay_misc_feat_plants
D:2:      layout_rooms
D:3:      layout_loops_cross, nicolae_vehumet_radiance,
          nicolae_overflow_hidden_temple, chequers_big_river, uniq_robin
D:4:      minmay_polygon_palace, layout_cave_pools,
          mainiacjoe_overflow_concentric_impassable,
          dilly_guarded_unrand_throatcut, uniq_edmund
D:5:      minmay_general_purpose_star, layout_cave_pools, serial_shops, shop,
          hangedman_decor_diamond_cutter, uniq_duvessa, uniq_grinder,
          uniq_menkaure, uniq_crazy_yiuf_cottage
D:6:      layout_cave_pools, serial_column_ruins, column_ruins_corridor_plus,
          column_ruins_grid_2, column_ruins_corridor_corner,
          column_ruins_open_tiny, column_ruins_grid_1, column_ruins_open_small,
          column_ruins_corridor_straight, minmay_quadrilaterals
D:7:      layout_loops_ring, grunt_temple_overflow_gold_and_silver, bloody_trog,
          fedhas_altar_2, minmay_temple_entry_crystal_x,
          kennysheep_generic_room_15
D:8:      layout_loops_ring, lemuel_coloured_pillars_altar,
          nicolae_elyvilon_peaceful_grove, serial_shops,
          nicolae_shop_behind_doors, shop, shop_fountains, serial_ice,
          serial_ice_f, serial_ice_l, serial_ice_d, serial_ice_e,
          minmay_fountain_box, uniq_amaemon, uniq_psyche
D:9:      layout_basic, david_lair_shrubbed
D:10:     layout_grid_maze, david_orc_3, minivault_21, st_stairs_8
D:11:     minmay_firetagon, layout_grid_maze, uniq_sonja, uniq_gastronok
Temple:   nicolae_temple_figure_eight
Lair:1:   layout_small_grid, gammafunk_ghost_abyssal_escape
Lair:2:   layout_gridlike, elwin_shoals_entry_rooms, serial_forest,
          infiniplex_forest_clump_large, infiniplex_forest_clump_curved,
          infiniplex_forest_clump_curved, infiniplex_forest_clump_small,
          infiniplex_forest_end_3
Lair:3:   layout_regular_city, dummy_snake_entry, infiniplex_staircase_pool_2
Lair:4:   layout_regular_city, basic_altar, wad_woods_river_01
Lair:5:   hangedman_lair_caniforms_friends, layout_loops_ring,
          hangedman_lair_tendril_chambers, nicolae_slime_entry_slimehenge,
          minmay_lair_drake_nest
Orc:1:    layout_caves

Skill      XL: |  1  2  3  4  5  6  7  8  9 10 11 12 13 14 |
---------------+-------------------------------------------+-----
Fighting       | 4 5 6 7 8 9 10 11 13 | 13.2
Armour         | 4 5 6 7 8 10 11 12 14 15 22 23 | 23.6
Long Blades    | 2 5 9 11 12 13 14 15 | 15.2
Invocations    | 1 3 5 7 |  7.0
Maces & Flails | 1 2 3 |  3.0
Shields        | 6 9 |  9.8
Evocations     | 2 |  2.2
Axes           | |  2.4

Action                   |  1- 3 |  4- 6 |  7- 9 | 10-12 | 13-15 || total
-------------------------+-------+-------+-------+-------+-------++-------
Melee: War axe           |    61 |    58 |       |       |       ||   119
       Headbutt          |     8 |    12 |    28 |   121 |   214 ||   383
       Flail             |       |    27 |     6 |       |     3 ||    36
       Long sword        |       |       |   149 |   473 |   909 ||  1531
       Bite              |       |       |       |    76 |   138 ||   214
       Demon whip        |       |       |       |    14 |    11 ||    25
Throw: Boomerang         |       |       |       |       |     4 ||     4
Invok: Heroism           |       |       |       |     1 |     9 ||    10
       Finesse           |       |       |       |     1 |       ||     1
Evoke: Wand              |       |       |       |     3 |     5 ||     8
       Condenser vane    |       |       |       |       |     1 ||     1
  Use: Scroll            |       |    12 |     6 |    11 |     4 ||    33
       Potion            |       |     3 |     2 |     4 |    21 ||    30
Armor: Scale mail        |    44 |    47 |    46 |       |       ||   137
       Gold dragon scale |       |       |    96 |   398 |   711 ||  1205
Dodge: Dodged            |    36 |    46 |    56 |   133 |   289 ||   560
Block: Buckler           |     2 |       |       |       |   167 ||   169
       Kite shield       |       |       |       |       |   326 ||   326
